 Dungeon Sprint DCSS version 0.32-a0-711-g016ad743e0 (webtiles) character file.

Game seed: 9286864277149244737

64 Revguard the Changeling (level 3, -4/34 HPs)
             Began as a Draconian Shapeshifter on Mar 15, 2024.
             Was a Believer of Wu Jian.
             Killed themself with a badly aimed rupture (16 damage)
             ... in the Dungeon (Sprint V: "Ziggurat Sprint").
             The game lasted 00:02:29 (157 turns).

Revguard the Changeling (Draconian Shapeshifter)     Turns: 157, Time: 00:02:30

Health: -4/34      AC:  5    Str: 30    XL:     3   Next: 91%
Magic:  3/3        EV: 11    Int: 10    God:    Wu Jian [**....]
Gold:   0          SH:  0    Dex: 10    Spells: 2/2 levels left

rFire   . .          .
                       - Unarmed
rCold   . . .        (no shield)
rNeg    . . .        (body armour unavailable)
rPois   .            (helmet currently unavailable)
rElec   .            (cloak currently unavailable)
rCorr   .            (gloves currently unavailable)
SInv    .            (boots currently unavailable)
Will    .....        (no amulet)
Stlth   +            x - +6 ring of strength
HPRegen 0.25/turn    y - +6 ring of strength
MPRegen 0.08/turn

%: no teleportation
@: beast-form
A: beast (slay +3), AC +5, unfitting armour, cold-blooded
a: Begin Untransformation, Renounce Religion, Wall Jump


You were in the Dungeon.
You worshipped Wu Jian.
Wu Jian was pleased with you.
You were a hulking beast.
You visited 1 branch

Inventory:

Armour
 C - a +1 pair of boots of rampaging
Jewellery
 x - a +6 ring of strength (left hand)
 y - a +6 ring of strength (right hand)
Talismans
 b - a beast talisman (active)
 c - a flux talisman
 B - a blade talisman
Wands
 m - a wand of warping (4)
 z - a wand of mindburst (6)
 A - a wand of acid (7)
Scrolls
 i - 4 scrolls of blinking
 o - 4 scrolls of amnesia
 p - 7 scrolls of fog
 q - 5 scrolls of identify
 r - 2 scrolls of fear
Potions
 a - a potion of lignification
 d - 10 potions of curing
 e - 4 potions of heal wounds
 f - 6 potions of haste
 g - 7 potions of magic
 h - 3 potions of berserk rage
 j - 2 potions of brilliance
 k - 2 potions of invisibility
 l - 4 potions of resistance
 n - 6 potions of might


   Skills:
 + Level 4.3 Fighting
 + Level 3.9 Dodging
 + Level 4.8 Unarmed Combat
 + Level 3.6 Evocations
 + Level 5.4 Shapeshifting


You had 2 spell levels left.
You didn't know any spells.
Your spell library was empty.

Dungeon Overview and Level Annotations

Branches:
Dungeon (1/1)

Altars:
Ashenzari
Cheibriados
Dithmenos
Elyvilon
Fedhas
Gozag
Hepliaklqana
Kikubaaqudgha
Makhleb
Nemelex Xobeh
Okawaru
Qazlal
Ru
Sif Muna
Trog
Uskayaw
Vehumet
Wu Jian
Xom
Yredelemnul
Zin
The Shining One
Beogh
Jiyva
Lugonu

Annotations:
D 1 transporter


Innate Abilities, Weirdness & Mutations

You are a hulking beast.
Your limbs bulge with bestial killing power. (Slay +3)
Your plain brown scales are hard. (AC +5)
You cannot fit into any form of body armour.
You are cold-blooded and may be slowed by cold attacks.


Message History

The wolf bites you! The river rat barely misses you.
The wolf closely misses you.
Unknown command.
You spin and attack the river rat.
You hit the river rat. You tail-slap the river rat.
You kill the river rat!
The Council accepts your kill. The wolf barely misses you.
You feel much better. The wolf misses you.
The wolf bites you but does no damage. The wolf barely misses you.
The wolf bites you!
Aiming: Wall Jump
Press: ? - help, Dir - move target
Okay, then.
Aiming: Wall Jump
Press: ? - help, Dir - move target You repeatedly attack the wolf from above.
You hit the wolf.
Your tail-slap misses the wolf.
The wolf is heavily wounded.
You hit the wolf but do no damage. You punch the wolf.
The wolf is severely wounded.
You repeatedly attack the wolf from above.
You hit the wolf.
The wolf is lightly wounded.
You hit the wolf.
The wolf is moderately wounded.
The wolf bites you! The wolf closely misses you. The wolf bites you.
The wolf bites you!
* * * LOW HITPOINT WARNING * * *
The wolf bites you but does no damage. The wolf completely misses you.
You see here a +3 long sword of holy wrath.
You feel much better. The wolf barely misses you. The wolf bites you! x2
The wolf barely misses you.
Aiming: Warp Space
Press: ? - help, Shift-Dir - straight line Space twists violently!
The rupture engulfs the wolf!!
You kill the wolf!
The Council accepts your kill. The rupture engulfs you!
You blink.
You die...

▓▓▓▓▓▓▓▓▓▓▓▓▓▓▓▓▓▓
▓.ß©ß.▓.ß©ß.▓.ß©ß.
▓h=)).▓.....▓.....
▓.†§..▓..=..▓.).|.
▓.h...▓.....▓..)).
▓.....▓.....▓.....
▓.....▓.....▓..©..
▓..©..▓..©..▓▓▓▓▓▓
▓▓▓▓▓▓▓▓▓▓▓▓▓


You could see a wolf.

Vanquished Creatures
  A wolf (D)
  An orc priest (D)
  2 river rats (D)
  An ufetubus (D)
  An orc (D)
  A bat zombie (D)
  A quokka skeleton (D)
8 creatures vanquished.

Notes
Turn   | Place    | Note
-------+----------+-------------------------------------------
     0 | D        | Revguard the Draconian Shapeshifter began the quest for the
                  | Orb.
     0 | D        | Reached XP level 1. HP: 16/16 MP: 1/1
     0 | D        | Found a shimmering blue altar of Sif Muna.
     0 | D        | Found a bloodstained altar of Trog.
     0 | D        | Found a sacrificial altar of Ru.
     0 | D        | Found a stormy altar of Qazlal.
     0 | D        | Found an iron altar of Okawaru.
     1 | D        | Found a sparkling altar of Nemelex Xobeh.
     1 | D        | Found a blossoming altar of Fedhas.
     1 | D        | Found the +6 Majin-Bo {spellvamp, MP+6 Int+6}
     1 | D        | Found the +27 heavy crossbow "Sniper" {heavy, Acc+∞ SInv}
     1 | D        | Found the +10 dark maul {heavy}
     1 | D        | Found the +15 Maxwell's patent armour {-Cast -Tele rElec
                  | Will+ rCorr}
     1 | D        | Found the +18 shield of the Gong {Loud rN+ Will+ rCorr
                  | EV-5}
     1 | D        | Found the +16 obsidian axe {drain, demonic, Mesm ^Drain Fly
                  | SInv}
     1 | D        | Found the +7 great mace "Firestarter" {flame, immolate,
                  | rFlCloud rF++}
     1 | D        | Found the +6 shillelagh "Devastator" {shatter}
     1 | D        | Found the +11 plutonium sword {^Contam Stlth-}
     1 | D        | Found the +8 lance "Wyrmbane" {slay drac, rPois rF+ rC+
                  | AC+3}
     1 | D        | Found the +9 sword of Zonguldrok {reap}
     1 | D        | Found the +13 scythe of Curses {drain, curses, ^Drain}
     1 | D        | Found the +9 sword of Power {lifebolt}
     1 | D        | Found the +7 mace of Variability {chaos, chaos arc}
     1 | D        | Found the +11 Singing Sword {sonic wave}
     1 | D        | Found the +8 storm bow {elec, penet}
     3 | D        | Found a transporter.
     3 | D        | Found an ancient bone altar of Kikubaaqudgha.
     3 | D        | Found a viscous altar of Jiyva.
     3 | D        | Found a corrupted altar of Lugonu.
     3 | D        | Found a hazy altar of Hepliaklqana.
     3 | D        | Found a burning altar of Makhleb.
     3 | D        | Found an opulent altar of Gozag.
    49 | D        | Became a worshipper of the Wu Jian Council
    52 | D        | Reached skill level 4 in Shapeshifting
    52 | D        | Reached XP level 2. HP: 26/26 MP: 2/2
    63 | D        | Entered arena 2.
    63 | D        | Found a transporter.
    69 | D        | Reached skill level 5 in Shapeshifting
    69 | D        | Reached XP level 3. HP: 23/33 MP: 3/3
   108 | D        | Entered arena 3.
   108 | D        | Found a transporter.
   113 | D        | Reached * piety under Wu Jian
   138 | D        | Entered arena 4.
   138 | D        | Found the +1 eveningstar "Brilliance" {foul flame, Umbra}
   138 | D        | Noticed a wolf
   138 | D        | Noticed a wolf
   138 | D        | Found a transporter.
   142 | D        | Reached ** piety under Wu Jian
   157 | D        | Killed a wolf
   157 | D        | Killed themself with a badly aimed rupture

Illustrated notes

Levels and vault maps discovered:
D:        sprint_v [room_start, room_1, room_2, room_3, room_4, room_5, room_6,
          room_7, room_8, room_9, room_10, room_11, room_12, room_13, room_14,
          room_15, room_16, room_17, room_18, room_19, room_20, room_21,
          room_22, room_23, room_24, room_25, room_26, room_27]

Skill      XL: |  1  2  3 |
---------------+----------+-----
Fighting       | 3 4 |  4.3
Dodging        | 3 |  3.9
Unarmed Combat | 4 |  4.8
Evocations     | 2 3 |  3.6
Shapeshifting  | 4 5 |  5.4

Action                     || total
---------------------------++-------
  Melee: Unarmed           ||    34
         Tailslap          ||     4
         Punch             ||     2
Ability: Whirlwind         ||    15
         Wall Jump         ||     2
         Lunge             ||     1
  Evoke: Wand              ||     1
    Use: Potion            ||     7
 Armour: Skin              ||    41
  Dodge: Dodged            ||    45

Table legend: (Time is in decaauts)
 A = Elapsed time spent in this place.
 B = Non-inter-level travel time spent in this place.
 C = Inter-level travel time spent in this place.
 D = Time resting spent in this place.
 E = Time spent auto-exploring this place.
 F = Levels seen in this place.
 G = Mean time per level.
                   A        B        C        D        E       F      G
               +--------+--------+--------+--------+--------+-----+--------+
         Total |    157 |    157 |      0 |     34 |      0 |   1 |  157.0 |
       Dungeon |    157 |    157 |      0 |     34 |      0 |   1 |  157.0 |
               +--------+--------+--------+--------+--------+-----+--------+

Top non-repeatable levels by time:
       D: 157 daAuts
